 Dungeon Crawl Stone Soup version 0.22.0-6-g71bd7aa (webtiles) character file.

10999 Lauz the Carver (level 11, 0/97 HPs)
             Began as a Minotaur Berserker on Aug 15, 2018.
             Was a High Priest of Trog.
             Slain by an unseen horror (3 damage)
             ... on level 12 of the Dungeon.
             The game lasted 00:49:37 (12912 turns).

Lauz the Carver (Minotaur Berserker)               Turns: 12912, Time: 00:49:39

Health: 0/97       AC: 14    Str: 25    XL:     11   Next: 43%
Magic:  10/10      EV: 11    Int:  4    God:    Trog [*****.]
Gold:   523        SH:  0    Dex: 13    Spells: 10/10 levels left

rFire    . . .     SeeInvis .   m - +1 long sword
rCold    . . .     Gourm    .   (no shield)
rNeg     . . .     Faith    .   v - +1 scale mail {MR+}
rPois    .         Spirit   .   (helmet restricted)
rElec    .         Reflect  .   P - +0 cloak
rCorr    .         Harm     .   X - +0 pair of gloves
MR       +++..                  (no boots)
Stlth    ..........             (no amulet)
HPRegen  1.26/turn              G - +3 ring of dexterity
MPRegen  0.12/turn              T - +1 ring of protection

@: starving, regenerating
A: retaliatory headbutt, horns 2
a: Berserk, Trog's Hand, Brothers in Arms, Renounce Religion


You were on level 12 of the Dungeon.
You worshipped Trog.
Trog was extremely pleased with you.
You were starving.

You visited 1 branch of the dungeon, and saw 12 of its levels.
You also visited: Ossuary.

You collected 523 gold pieces.

Inventory:

Hand Weapons
 a - a +0 falchion
 m - a +1 long sword (weapon)
Missiles
 h - 2 javelins
 p - 26 poisoned needles
 E - 4 needles of paralysis
 S - 6 javelins of returning (quivered)
Armour
 b - a +0 animal skin
 o - a +0 large shield
 r - a +0 scale mail
 v - a +1 scale mail of magic resistance (worn)
 P - a +0 cloak (worn)
 Q - a +0 chain mail of cold resistance
 U - +0 acid dragon scales
 V - a +0 plate armour
 X - a +0 pair of gloves (worn)
Jewellery
 G - a +3 ring of dexterity (left hand)
 I - a +3 ring of dexterity
 T - a +1 ring of protection (right hand)
Wands
 g - a wand of flame (21)
 J - a wand of acid (8)
 L - a wand of polymorph (10)
 O - a wand of disintegration (14)
 Y - a wand of iceblast (3)
Scrolls
 d - a scroll of magic mapping {unknown}
 f - 8 scrolls of identify
 i - 5 scrolls of remove curse
 l - a scroll of amnesia
 q - 5 scrolls of random uselessness
 s - 2 scrolls of enchant weapon
 t - a scroll of teleportation {unknown}
 y - a scroll of enchant armour {unknown}
 z - 2 scrolls of noise
 F - a scroll of fog {unknown}
 H - a scroll of fear {unknown}
 K - a scroll of immolation {unknown}
Potions
 e - 11 potions of degeneration
 j - 2 potions of flight
 k - 6 potions of heal wounds
 n - 7 potions of curing
 u - 4 potions of invisibility
 w - 3 potions of haste {unknown}
 x - 3 potions of might {unknown}
 A - 3 potions of lignification {unknown}
 B - a potion of mutation {unknown}
 C - a potion of agility {unknown}
 D - a potion of brilliance {unknown}
 M - a potion of cancellation {unknown}
 N - a potion of magic {unknown}
 R - a potion of ambrosia {unknown}
Comestibles
 c - 14 rations


   Skills:
 + Level 9.2 Fighting
 * Level 14.9 Long Blades
 * Level 12.8 Armour
 - Level 2.2 Dodging


You had 10 spell levels left.
You didn't know any spells.
Your spell library was empty.

Dungeon Overview and Level Annotations

Branches:
Dungeon (12/15)            Temple (0/1) D:7            Lair (0/6) D:9
    Orc (0/2) D:11

Altars:
Sif Muna

Shops:
D:5 (   D:7 *   D:9 *

Annotations:
D:12 Snorg


Innate Abilities, Weirdness & Mutations

You reflexively headbutt those who attack you in melee.
You have a pair of horns on your head.


Message History

You headbutt the wight, but do no damage.
Snorg bites you. Snorg misses you. Snorg claws you but does no damage.
Something hits you!
Your skin crawls.
You feel resistant to hostile enchantments.
You feel somewhat more hungry. Something hits you but does no damage.
Snorg bites you. Snorg claws you!
* * * LOW HITPOINT WARNING * * *
Snorg closely misses you. The wight hits you but does no damage.
Snorg bites you!
* * * LOW HITPOINT WARNING * * *
Snorg claws you but does no damage. Snorg closely misses you.
Your ogre goes berserk!
You are starving!
Something hits you but does no damage. The wight misses you.
You riposte.
You closely miss the wight. Snorg bites you!
* * * LOW HITPOINT WARNING * * *
Snorg claws you but does no damage. Snorg misses you.
The wight hits you but does no damage. Something hits you.
You die...

##..###
#....##
##....##
##....###
##.....##
##.....##
##.....## .
###.{T.###...
##@z.......
##z.......
#O)......
##.......
.......
.......
.......
.......
.......


You could see Snorg (berserk), 2 wights and a friendly ogre (berserk).

Vanquished Creatures
  2 two-headed ogres
  An unseen horror (D:10)
  An ugly thing (D:11)
  A gargoyle (D:10)
  A troll (D:11)
  3 hippogriffs
  A human (D:8)
  Grum (D:10)
  7 yaks
  A steam dragon (D:11)
  An acid dragon (D:11)
  3 water moccasins
  A sky beast (D:7)
  5 ice beasts
  2 orc warriors
  An eye of draining (D:5)
  2 phantoms
  6 ogres
  4 wolves (D:10)
  4 centaurs
  5 bullfrogs
  2 big kobolds (D:8)
  A water moccasin zombie (D:12)
  A wyvern zombie (D:8)
  A wyvern skeleton (D:9)
  2 scorpions
  A water moccasin skeleton (D:9)
  11 killer bees
  9 wights
  2 howler monkeys (D:5)
  4 crimson imps
  A quasit (D:10)
  6 jellies
  A bullfrog zombie (D:10)
  2 centaur skeletons
  9 orc priests
  8 hounds
  A human zombie (Ossuary)
  16 orc wizards
  Crazy Yiuf (D:2)
  2 bullfrog skeletons
  Jessica (D:2)
  2 iguanas
  8 worker ants
  2 big kobold zombies (Ossuary)
  2 hound zombies
  4 mummies (Ossuary)
  A worker ant zombie (D:10)
  6 gnolls
  9 adders
  A howler monkey skeleton (D:6)
  2 shadow imps
  3 worms
  5 dart slugs
  6 leopard geckos
  49 orcs
  7 bats
  6 giant cockroaches
  3 gnoll zombies (Ossuary)
  4 goblins
  7 hobgoblins
  11 jackals
  5 quokkas
  2 ball pythons
  8 frilled lizards
  A jackal skeleton (D:4)
  A jackal zombie (D:5)
  11 kobolds
  A kobold zombie (Ossuary)
  An orc zombie (Ossuary)
  3 rats
306 creatures vanquished.

Vanquished Creatures (collateral kills)
  A centaur skeleton (D:12)
1 creature vanquished.

Grand Total: 307 creatures vanquished

Notes
Turn   | Place    | Note
-------+----------+-------------------------------------------
     0 | D:1      | Lauz the Minotaur Berserker began the quest for the Orb.
     0 | D:1      | Reached XP level 1. HP: 19/19 MP: 0/0
   238 | D:1      | Reached skill level 4 in Long Blades
   251 | D:1      | Reached XP level 2. HP: 26/27 MP: 1/1
   643 | D:2      | Reached XP level 3. HP: 4/33 MP: 2/2
   791 | D:2      | Reached skill level 5 in Long Blades
   970 | D:2      | Reached ** piety under Trog
  1094 | D:2      | Noticed Jessica
  1106 | D:2      | Killed Jessica
  1106 | D:2      | Reached XP level 4. HP: 28/40 MP: 3/3
  1455 | D:2      | Found a runed door.
  1459 | D:2      | Noticed Crazy Yiuf
  1464 | D:2      | Killed Crazy Yiuf
  1660 | D:3      | Reached skill level 6 in Long Blades
  1660 | D:3      | Reached XP level 5. HP: 36/47 MP: 4/4
  2236 | D:3      | Found a deep blue altar of Sif Muna.
  2516 | D:3      | Reached XP level 6. HP: 25/53 MP: 5/5
  2700 | D:3      | Reached skill level 7 in Long Blades
  2868 | D:4      | Reached *** piety under Trog
  3143 | D:4      | Reached skill level 5 in Fighting
  3478 | D:4      | Reached skill level 8 in Long Blades
  3478 | D:4      | Reached skill level 5 in Armour
  3478 | D:4      | Reached XP level 7. HP: 44/61 MP: 6/6
  3844 | D:5      | Entered Level 5 of the Dungeon
  3904 | D:5      | Found a sand-covered staircase.
  3904 | D:5      | Found Usepu's Antique Weapon Emporium.
  3919 | D:5      | Reached **** piety under Trog
  4015 | D:5      | Reached skill level 9 in Long Blades
  4304 | Ossuary  | Entered an ossuary
  4340 | Ossuary  | Reached XP level 8. HP: 69/69 MP: 7/7
  4486 | Ossuary  | Received a gift from Trog
  5134 | D:6      | Reached skill level 10 in Long Blades
  5867 | D:7      | Found a staircase to the Ecumenical Temple.
  5876 | D:7      | Reached skill level 11 in Long Blades
  6064 | D:7      | Found Rexut's Assorted Antiques.
  6391 | D:8      | Reached XP level 9. HP: 72/75 MP: 8/8
  6417 | D:8      | Reached ***** piety under Trog
  6806 | D:8      | Reached skill level 12 in Long Blades
  7332 | D:8      | Reached skill level 13 in Long Blades
  7352 | D:8      | HP: 3/79 [wight/enchanted spear (3)]
  8077 | D:9      | Reached XP level 10. HP: 79/86 MP: 9/9
  8535 | D:9      | Found Remeisuir's Changing Room.
  8995 | D:9      | Found a staircase to the Lair.
  9129 | D:10     | Entered Level 10 of the Dungeon
  9168 | D:10     | Reached skill level 10 in Armour
  9791 | D:10     | Noticed Grum
  9807 | D:10     | Reached skill level 14 in Long Blades
  9814 | D:10     | Killed Grum
  9988 | D:10     | Noticed a gargoyle
  9992 | D:10     | Killed a gargoyle
 10625 | D:10     | Killed an unseen horror
 11266 | D:11     | Noticed a green ugly thing
 11273 | D:11     | Killed a green ugly thing
 11273 | D:11     | Reached XP level 11. HP: 86/95 MP: 10/10
 11784 | D:11     | Found a staircase to the Orcish Mines.
 12092 | D:11     | Noticed a two-headed ogre
 12109 | D:11     | Killed a two-headed ogre
 12700 | D:12     | Noticed a two-headed ogre
 12706 | D:12     | Killed a two-headed ogre
 12897 | D:12     | Noticed Snorg
 12912 | D:12     | HP: 3/97 [Snorg (16)]
 12912 | D:12     | Slain by an unseen horror

Skill      XL: |  1  2  3  4  5  6  7  8  9 10 11 |
---------------+----------------------------------+-----
Long Blades    | 4 5 6 8 9 11 13 14 | 14.9
Fighting       | 4 5 6 7 8 9 |  9.2
Armour         | 3 5 6 7 9 11 12 | 12.8
Dodging        | |  2.2

Action                   |  1- 3 |  4- 6 |  7- 9 | 10-12 || total
-------------------------+-------+-------+-------+-------++-------
Melee: Falchion          |    51 |       |       |       ||    51
       Headbutt          |     9 |    37 |    74 |    96 ||   216
       Long sword        |    16 |   166 |   324 |   314 ||   820
Throw: Javelin           |     5 |     7 |     3 |    17 ||    32
Invok: Berserk           |     1 |       |     1 |     2 ||     4
       Trog's Hand       |       |       |       |     3 ||     3
       Brothers in Arms  |       |       |       |     3 ||     3
  Use: Potion            |     1 |     3 |       |     2 ||     6
       Scroll            |       |       |     4 |     5 ||     9
  Eat: Chunk             |     1 |     8 |    11 |    12 ||    32
       Ration            |       |       |     1 |     2 ||     3
Armor: Animal skin       |    10 |     4 |       |       ||    14
       Scale mail        |       |    37 |   123 |   150 ||   310
       Chain mail        |       |       |       |     1 ||     1
Dodge: Dodged            |    51 |    69 |   157 |   155 ||   432
       Rpst.: Falchion   |     8 |       |       |       ||     8
       Long sword        |     4 |    18 |    38 |    30 ||    90
